 Dungeon Crawl Stone Soup version 0.20.1-1-g8b1a95d (webtiles) character file.

39 dohliylev the Vexing (level 3, -2/24 HPs)
             Began as a Vampire Enchanter on Dec 17, 2017.
             Slain by Sigmund
             ... wielding a +2 scythe of protection
              (4 damage)
             ... on level 2 of the Dungeon.
             The game lasted 00:05:05 (1377 turns).

dohliylev the Vexing (Vampire Enchanter)            Turns: 1377, Time: 00:05:06

Health: -2/24      AC:  3    Str:  7    XL:     3   Next: 28%
Magic:  2/6        EV: 12    Int: 18    God:
Gold:   45         SH:  0    Dex: 14    Spells: 0/6 levels left

rFire    . . .     SeeInvis +   a - +1 dagger
rCold    + . .     Gourm    .   (no shield)
rNeg     + + .     Faith    .   b - +0 robe
rPois    +         Spirit   .   (no helmet)
rElec    .         Reflect  .   (no cloak)
rCorr    .         Harm     .   h - +0 pair of gloves
MR       .....                  (no boots)
Stlth    ++........             (no amulet)
Regen    0.1/turn               (no ring)
MPRegen  0.1/turn               (no ring)

@: confused, regenerating slowly
A: fangs 3, see invisible, unbreathing
a: Bat Form


You were on level 2 of the Dungeon.
You were very thirsty.

You visited 1 branch of the dungeon, and saw 2 of its levels.

You collected 45 gold pieces.

Inventory:

Hand Weapons
 a - a +1 dagger (weapon)
Armour
 b - a +0 robe (worn)
 h - a +0 pair of gloves (worn)
Jewellery
 e - an uncursed ring of fire {unknown}
Scrolls
 g - a scroll of fog {unknown}
 j - a scroll of noise {unknown}
 k - 2 scrolls of enchant armour {unknown}
 l - 3 scrolls of identify {unknown}
Potions
 d - 8 potions of blood
 f - 2 potions of heal wounds {unknown}
 i - a potion of curing {unknown}
Books
 c - a book of Maledictions

   Spells                             Type                      Level
   a - Corona                         Hexes                        1
   b - Ensorcelled Hibernation        Hexes/Ice                    2
   c - Confuse                        Hexes                        3
   d - Tukima's Dance                 Hexes                        3
   e - Dazzling Spray                 Conjuration/Hexes            3


   Skills:
 - Level 1.1 Short Blades
 - Level 2.1 Dodging
 + Level 5.4 Stealth
 - Level 2.0 Spellcasting
 + Level 5.7 Hexes


You couldn't memorise any spells.
You knew the following spells:

 Your Spells              Type           Power        Failure   Level  Hunger
a - Corona                Hex            ###....      1%          1    #......
b - Ensorcelled Hibernat  Hex/Ice        ##....       9%          2    ###....
c - Confuse               Hex            ###.....     5%          3    ###....


Dungeon Overview and Level Annotations

Branches:
Dungeon (2/15)

Altars:
Nemelex Xobeh

Annotations:
D:2 Sigmund


Innate Abilities, Weirdness & Mutations

You heal slowly.
You have razor-sharp teeth.
You have supernaturally acute eyesight. (SInv)
You can survive without breathing.


Message History

Sigmund casts a spell at you.
You are more confused.
You bump into the rock wall.
Sigmund's eyes start glowing with a red light.
Sigmund misses you.
You bump into the rock wall.
Sigmund gestures at you while chanting. You resist with some effort.
You bump into the rock wall.
Sigmund gestures at you while chanting.
You are more confused.
Sigmund points at you and mumbles some strange words.
The magic dart hits you!
* * * LOW HITPOINT WARNING * * *
You bump into the rock wall.
Your magical contamination has completely faded away.
Sigmund barely misses you.
You're too confused to move!
Sigmund hits you from afar with a scythe of protection.
You die...

######### # #.......#
###############.......###########
...##............[...............
(......)..............##########.
....#.#########.@.....##########.
###.#.# #.......##...KK.(..
###.#.# #.@.....##.######(.
......# #.########.# ##(..
###.### #.# #####.####.... .##.#
#†# #.....(...(.@. .##)########
##.####.##.##..#.K(. .#.........#
#.....@##...###.#... .#..######.#
#..#####.....###[#..


You could see Sigmund (invisible).

Vanquished Creatures
  An adder (D:2)
  A worm (D:2)
  A dart slug (D:1)
  4 giant cockroaches (D:1)
  5 goblins
  2 hobgoblins
  3 bats (D:1)
  6 kobolds
  3 rats
26 creatures vanquished.

Notes
Turn   | Place    | Note
-------+----------+-------------------------------------------
     0 | D:1      | dohliylev the Vampire Enchanter began the quest for the Orb.
     0 | D:1      | Reached XP level 1. HP: 13/13 MP: 3/3
    80 | D:1      | Found a sparkling altar of Nemelex Xobeh.
   131 | D:1      | Reached skill level 5 in Hexes
   136 | D:1      | Reached XP level 2. HP: 13/19 MP: 5/5
   142 | D:1      | Learned a level 2 spell: Ensorcelled Hibernation
   603 | D:1      | You fall through a shaft!
   617 | D:2      | Noticed Sigmund
   635 | D:2      | Found a sparkling altar of Nemelex Xobeh.
  1026 | D:2      | Reached skill level 5 in Stealth
  1026 | D:2      | Reached XP level 3. HP: 24/24 MP: 1/6
  1077 | D:2      | Learned a level 3 spell: Confuse
  1377 | D:2      | Slain by Sigmund

Skill      XL: |  1  2 |
---------------+-------+-----
Hexes          | 5 |  5.7
Stealth        | 5 |  5.4
Short Blades   | |  1.1
Dodging        | |  2.1
Spellcasting   | |  2.0

Action                   || total
-------------------------++-------
Melee: Dagger            ||    59
       Bite              ||     2
 Cast: Corona            ||     2
       Ensorcelled Hiber ||    19
 Stab: Sleeping          ||    20
  Eat: Corpse            ||     1
Armor: Robe              ||    20
Dodge: Dodged            ||    46
